 Dungeon Crawl Stone Soup version 0.19.1-1-g22dce08 (webtiles) character file.

229 Peloso the Skirmisher (level 6, -1/51 (52) HPs)
             Began as a Ghoul Fighter on Jan 5, 2017.
             Killed by divine providence
             ... invoked by an orc priest
              (15 damage)
             ... on level 4 of the Dungeon.
             The game lasted 00:09:00 (3417 turns).

Peloso the Skirmisher (Ghoul Fighter)               Turns: 3417, Time: 00:09:01

HP:   -1/51 (52)    AC:  9    Str: 20    XL:     6   Next: 3%
MP:   5/5           EV:  5    Int:  3    God:
Gold: 248           SH:  9    Dex: 13    Spells: 0 memorised, 5 levels left

rFire  . . .     SeeInvis .     a - +0 long sword
rCold  + . .     Gourm    .     t - +0 chain mail
rNeg   + + +     Faith    .     c - +0 shield
rPois  ∞         Spirit   .     (no helmet)
rElec  .         Reflect  .     (no cloak)
rCorr  .         Harm     .     (no gloves)
MR     .....                    (no boots)
Stlth  ..........               (no amulet)
                                (no ring)
                                j - +3 ring of dexterity

@: rotting
A: rotting body, claws 1, carnivore 3, cold resistance 1, negative energy
resistance 3, slow regeneration 1, torment resistance, unbreathing
a: no special abilities


You were on level 4 of the Dungeon.
You were not hungry.

You visited 1 branch of the dungeon, and saw 6 of its levels.

You collected 248 gold pieces.

Inventory:

Hand Weapons
 a - a +0 long sword (weapon)
Armour
 b - a +0 scale mail
 c - a +0 shield (worn)
 t - a +0 chain mail (worn)
Jewellery
 j - a +3 ring of dexterity (left claw)
Scrolls
 g - 2 scrolls of teleportation {unknown}
 i - a scroll of fear {unknown}
 k - 2 scrolls of amnesia {unknown}
 n - 5 scrolls of remove curse {unknown}
 o - 2 scrolls of recharging {unknown}
 p - 3 scrolls of identify {unknown}
 q - a scroll of blinking {unknown}
 u - a scroll of enchant weapon {unknown}
 v - a scroll of immolation {unknown}
Potions
 d - 2 potions of might
 e - 2 potions of haste {unknown}
 h - 2 potions of curing {unknown}
 m - a potion of magic {unknown}
 s - a potion of lignification {unknown}
Comestibles
 f - a meat ration
 l - 2 beef jerkies
 r - a slice of pizza


   Skills:
 + Level 4.0 Fighting
 + Level 3.2 Long Blades
 + Level 3.6 Armour
 + Level 1.0 Dodging
 + Level 0.8 Stealth
 + Level 3.8 Shields


You had 5 spell levels left.
You didn't know any spells.

Dungeon Overview and Level Annotations

Branches:
Dungeon (6/15)
 Temple: D:4-7

Altars:

Annotations:
D:4 Kabixx's ghost, amateur DsWz


Innate Abilities, Weirdness & Mutations

Your body is rotting away.
You thrive on raw meat.
You are immune to poison.
You have sharp fingernails.
You are carnivorous and can eat meat at any time.
Your flesh is cold resistant. (rC+)
You are immune to negative energy. (rN+++)
You regenerate slowly when monsters are visible.
You are immune to unholy pain and torment.
You can survive without breathing.


Message History

You hit the orc.
The orc is moderately wounded.
The orc hits you with a flail.
You hit the orc but do no damage.
The orc is moderately wounded.
The orc hits you with a flail.
* * * LOW HITPOINT WARNING * * *
You hit the orc.
You kill the orc!
Your Fighting skill increases to level 4!
The orc hits you but does no damage.
You hit the orc.
The orc is severely wounded.
The orc hits you but does no damage.
You closely miss the orc.
The orc is severely wounded.
You block the orc's attack.
The orc priest mumbles some strange prayers to Beogh against you.
Beogh smites you!
You die...

### ..# #.# #.# #.#### #.#
#.#... ###########.#
#.#..#### #
#........##.#######.#... ..
.........oo@.......#.#..####
#.#.##...#.##.#####.#.#......
........>...#.# #.#.#..l.W.
.#.##...####.# #W#........
#.......)...# #.#.#.#..##
####...####.# #...#.#####
##### ### #######.#....
........#.### ..........###


You could see an orc priest and an orc.

Vanquished Creatures
  3 worker ants (D:4)
  A hound skeleton (D:4)
  4 adders
  An ooze (D:1)
  2 worms
  A leopard gecko (D:3)
  An orc (D:4)
  8 bats
  3 giant cockroaches
  14 goblins
  18 hobgoblins
  9 jackals
  9 kobolds
  2 quokkas
  3 ball pythons
  7 frilled lizards
  6 rats
92 creatures vanquished.

Notes
Turn   | Place    | Note
-------+----------+-------------------------------------------
     0 | D:1      | Peloso the Ghoul Fighter began the quest for the Orb.
     0 | D:1      | Reached XP level 1. HP: 19/19 MP: 0/0
   132 | D:1      | Reached XP level 2. HP: 26/26 MP: 1/1
   777 | D:1      | Reached XP level 3. HP: 31/31 MP: 2/2
  1231 | D:2      | Reached XP level 4. HP: 37/38 MP: 3/3
  2271 | D:3      | Reached XP level 5. HP: 44/44 MP: 4/4
  3298 | D:4      | Reached skill level 1 in Dodging
  3299 | D:4      | Noticed Kabixx's ghost (amateur DsWz)
  3326 | D:5      | Entered Level 5 of the Dungeon
  3329 | D:5      | Noticed an ogre
  3358 | D:5      | Reached XP level 6. HP: 24/50 MP: 5/5
  3381 | D:5      | Noticed a phantom
  3415 | D:4      | Reached skill level 4 in Fighting
  3417 | D:4      | Killed from afar by an orc priest

Skill      XL: |  1  2  3  4  5  6 |
---------------+-------------------+-----
Shields        | 3 |  3.8
Long Blades    | 2 3 |  3.2
Armour         | 3 |  3.6
Dodging        | 1 |  1.0
Fighting       | 4 |  4.0
Stealth        | |  0.8

Action                   |  1- 3 |  4- 6 || total
-------------------------+-------+-------++-------
Melee: Long sword        |   177 |   234 ||   411
  Eat: Chunk             |     4 |    11 ||    15
Armor: Scale mail        |    73 |    55 ||   128
       Chain mail        |       |    56 ||    56
Dodge: Dodged            |    65 |    67 ||   132
Block: Shield            |    97 |   149 ||   246
       Rpst.: Long sword |    20 |    18 ||    38
